 Dungeon Crawl Stone Soup version 0.18-a0-1799-g6250cb2 (webtiles) character file.

52 macross the Sneak (level 3, 0/16 HPs)
             Began as a Vine Stalker Enchanter on Apr 23, 2016.
             Succumbed to an adder's poison
             ... on level 2 of the Dungeon.
             The game lasted 00:07:43 (948 turns).

macross the Sneak (Vine Stalker Enchanter)           Turns: 948, Time: 00:07:44

Health: 0/16       AC:  4    Str: 10    XL:     3   Next: 85%
Magic:  3/7        EV: 12    Int: 15    God:
Gold:   137        SH:  0    Dex: 15    Spells: 1 memorised, 6 levels left

rFire  . . .     SeeInvis .     a - +1 dagger
rCold  . . .     Gourm    .     b - +1 robe
rNeg   . . .     Faith    .     (no shield)
rPois  .         Spirit   +     (no helmet)
rElec  .         Dismiss  .     i - +0 cloak
rCorr  .         Reflect  .     (no gloves)
SustAt .         Harm     .     (no boots)
MR     .....                    (no amulet)
Stlth  +++.......               (no ring)
                                (no ring)

@: lethally poisoned (0 -> -6), not resistant to hostile enchantments, fairly
stealthy
A: fangs 2, regeneration 1, magic shield, antimagic bite, no device heal 3, rot
immunity
a: no special abilities


You were on level 2 of the Dungeon.
You were not hungry.

You visited 1 branch of the dungeon, and saw 2 of its levels.

You collected 137 gold pieces.

Inventory:

Hand Weapons
 a - a +1 dagger (weapon)
 l - a +0 dagger
Armour
 b - a +1 robe (worn)
 i - a +0 cloak (worn)
Scrolls
 e - a scroll of recharging {unknown}
 f - a scroll of random uselessness {unknown}
 g - 4 scrolls of identify {unknown}
 k - 2 scrolls of teleportation {unknown}
 m - 2 scrolls of remove curse {unknown}
 n - a scroll of enchant weapon {unknown}
Potions
 h - a potion of curing {unknown}
 j - a potion of cure mutation {unknown}
Books
 c - a book of Maledictions

   Spells                             Type                      Level
   a - Corona                         Hexes                        1
   b - Ensorcelled Hibernation        Hexes/Ice                    2
   c - Confuse                        Hexes                        3
   d - Tukima's Dance                 Hexes                        3
   e - Dazzling Spray                 Conjuration/Hexes            3
Comestibles
 d - a bread ration


   Skills:
 + Level 0.1 Fighting
 + Level 0.8 Short Blades
 + Level 1.9 Dodging
 * Level 4.6 Stealth
 + Level 2.5 Spellcasting
 + Level 3.5 Hexes


You had 6 spell levels left.
You knew the following spells:

 Your Spells              Type           Power        Failure   Level  Hunger
a - Corona                Hex            ##.....      6%          1    #......


Dungeon Overview and Level Annotations

Branches:
Dungeon (2/15)

Altars:


Innate Abilities, Weirdness & Mutations

You have extremely sharp teeth.
Your natural rate of healing is unusually fast.
When hurt, damage is shared between your health and your magic reserves.
Your bite disrupts and absorbs the magic of your enemies.
Potions and wands cannot restore your health.
You are immune to rotting.


Message History

Press: ? - help, Shift-Dir - straight line, f/p - adder
Aim: an adder (moderately wounded, chance to defeat MR: 57%)
The adder is outlined in light.
You feel sick. The adder closely misses you.
You hit the adder but do no damage.
The adder is moderately wounded.
The adder bites you. x2
You are lethally poisoned!
The adder poisons you!
* * * LOW HITPOINT WARNING * * *
You feel sick.
* * * LOW HITPOINT WARNING * * *
You feel sick. The adder bites you.
* * * LOW HITPOINT WARNING * * *
You are more poisoned.
The adder poisons you!
* * * LOW HITPOINT WARNING * * *
You feel sick.
* * * LOW HITPOINT WARNING * * *
You feel sick.
You die...

#.# #..# #.#
##..# #.#
#...# ## #.#
#..## .. #.#
#..######## #.
#.#
#.........#
### #.#
#.#######.#
..# #.# #.#
#.# #.# #.#
#@# #.# #.#
#.# #.# #.#
#.# #.# #S#
#.###.######.#
#.#
#............#
#.#
#.###†########
#.# #.# #.#
#.# #.# #.#
#.# #.###.#
...


You could see an adder.

Vanquished Creatures
  2 adders (D:2)
  A worm (D:2)
  3 giant geckos (D:1)
  6 bats
  3 giant cockroaches (D:1)
  2 goblins (D:1)
  3 hobgoblins
  2 giant newts
  2 kobolds (D:1)
  4 rats (D:1)
28 creatures vanquished.

Notes
Turn   | Place    | Note
--------------------------------------------------------------
     0 | D:1      | macross the Vine Stalker Enchanter began the quest for the Orb.
     0 | D:1      | Reached XP level 1. HP: 9/9 MP: 4/4
   240 | D:1      | Reached skill level 4 in Stealth
   270 | D:1      | Reached XP level 2. HP: 11/13 MP: 6/6
   591 | D:1      | Reached XP level 3. HP: 16/16 MP: 7/7
   948 | D:2      | Succumbed to an adder's poison

Vault maps used:
D:1:      eino_arrival_cavern_b

Skill      XL: |  1 |
---------------+----+-----
Stealth        | 4 |  4.6
Fighting       | |  0.1
Short Blades   | |  0.8
Dodging        | |  1.9
Spellcasting   | |  2.5
Hexes          | |  3.5

Action                   || total
-------------------------++-------
Melee: Dagger            ||   100
       Bite              ||    17
 Cast: Corona            ||    12
 Stab: Sleeping          ||     7
Armor: Robe              ||    36
Dodge: Dodged            ||    79
